 Dungeon Crawl Stone Soup version 0.29-a0-577-gafbf2c5d25 (webtiles) character file.

Game seed: 361186489975354694

14002 pascalblue the Geomancer (level 11, 0/54 HPs)
             Began as a Deep Elf Earth Elementalist on June 9, 2022.
             Was a Priest of Sif Muna.
             Shot with an arrow by Nessos (8 damage)
             ... on level 4 of the Lair of Beasts on June 14, 2022.
             The game lasted 00:46:38 (11869 turns).

pascalblue the Geomancer (DEEE)                    Turns: 11869, Time: 00:46:39

Health: 0/54       AC:  9    Str:  5    XL:     11   Next: 83%
Magic:  16/35      EV: 13    Int: 29    God:    Sif Muna [***...]
Gold:   1112       SH:  0    Dex: 15    Spells: 5/29 levels left

rFire   . . .      SeeInvis .   U - +8 whip "Snakebite" {venom, curare, rPois}
rCold   . . .      Faith    .   (no shield)
rNeg    . . .      Spirit   .   b - +0 robe
rPois   +          Reflect  .   p - +1 helmet
rElec   .          Harm     .   B - +2 cloak of the Gravedigger {Rampage Int+4}
rCorr   .          Rampage  +   G - +0 pair of gloves
Will    ++...                   q - +0 pair of boots
Stlth   ++........              r - amulet of regeneration
HPRegen 0.98/turn               y - ring of magical power
MPRegen 0.24/turn               g - ring of willpower

@: lethally poisoned (0 -> -2)
A: no striking features
a: Renounce Religion, Channel Magic, Forget Spell


You were on level 4 of the Lair of Beasts.
You worshipped Sif Muna.
Sif Muna was most pleased with you.
You visited 3 branches of the dungeon, and saw 13 of its levels.

You collected 1424 gold pieces.
You spent 312 gold pieces at shops.

Inventory:

Hand Weapons
 f - a +1 short sword of venom
 U - the +8 whip "Snakebite" (weapon) {venom, curare, rPois}
   (You found it on level 3 of the Lair of Beasts)

   It poisons the flesh of those it strikes.
   It occasionally inflicts asphyxiating poison on those it strikes, dealing
   poison damage and causing slowness.
   rPois:     It protects you from poison.
Missiles
 a - 303 stones
 s - 7 javelins
 t - 2 throwing nets
 z - 4 atropa-tipped darts
 J - 30 poisoned darts
 M - a curare-tipped dart
 N - 9 boomerangs
Armour
 b - a +0 robe (worn)
 l - a +0 cloak
 p - a +1 helmet (worn)
 q - a +0 pair of boots (worn)
 B - the +2 cloak of the Gravedigger (worn) {Rampage Int+4}
   (You found it on level 5 of the Dungeon)

   Int:       It affects your intelligence (+4).
   Rampage:   It bestows one free step when moving towards enemies.
 G - a +0 pair of gloves (worn)
 K - an orb of wrath
Magical Staves
 A - a staff of poison
 C - a staff of death
 F - a staff of cold
Jewellery
 g - a ring of willpower (right hand)
 r - an amulet of regeneration (around neck)
 x - a ring of willpower
 y - a ring of magical power (left hand)
 H - a ring of protection from cold
 O - a +4 ring of evasion
 Q - a +4 ring of slaying
 T - an amulet of guardian spirit
Wands
 w - a wand of flame (10)
 I - a wand of charming (14)
 S - a wand of mindburst (10)
 V - a wand of iceblast (4)
Scrolls
 i - 2 scrolls of blinking
 j - 5 scrolls of teleportation
 n - 5 scrolls of identify
 v - a scroll of magic mapping
 D - 4 scrolls of poison
 L - a scroll of fog
Potions
 c - a potion of magic
 d - 3 potions of degeneration
 e - 2 potions of heal wounds
 h - 2 potions of lignification
 k - 7 potions of curing
 m - 4 potions of haste
 o - 3 potions of might
 u - 3 potions of attraction
 E - a potion of brilliance
 P - 2 potions of mutation {unknown}
Miscellaneous
 R - a condenser vane


   Skills:
 - Level 3.0 Dodging
 - Level 2.4 Stealth
 + Level 9.9 Spellcasting
 * Level 9.1 Conjurations
 + Level 7.1 Transmutations
 * Level 11.9 Earth Magic
 - Level 6.0 Poison Magic
 + Level 7.4 Invocations
 + Level 4.8 Evocations


You had 5 spell levels left.
You knew the following spells:

 Your Spells              Type           Power      Damage    Failure   Level
a - Sandblast             Erth           100%       2d20      1%          1
b - Stone Arrow           Conj/Erth      100%       3d13      1%          3
c - Olgreb's Toxic Radia  Pois           49%        N/A       3%          4
d - Lee's Rapid Deconstr  Erth           35%        3d19*     1%          5
e - Statue Form           Tmut/Erth      42%        N/A       12%         6
f - Iskenderun's Battles  Conj           61%        2d11      2%          5

Your spell library contained the following spells:

 Spells                   Type           Power      Damage    Failure   Level
 Passwall                 Tmut/Erth      52%        N/A       1%          2
 Petrify                  Tmut/Erth      63%        N/A       1%          4
 Leda's Liquefaction      Hex/Erth       24%        N/A       3%          4
 Call Canine Familiar     Summ           14%        N/A       12%         3
 Portal Projectile        Hex/Tloc       28%        N/A       12%         3
 Fireball                 Conj/Fire      20%        3d10      16%         5
 Corpse Rot               Necr/Pois/Air  26%        N/A       17%         4
 Dispel Undead            Necr           14%        3d10      36%         4
 Orb of Destruction       Conj           30%        9d10      58%         7
 Conjure Ball Lightning   Conj/Air       20%        3x3d6     65%         6
 Death Channel            Necr           7%         N/A       99%         6
 Ozocubu's Refrigeration  Ice            7%         4d6       100%        7
 Ignition                 Fire           7%         3d4       100%        8


Dungeon Overview and Level Annotations

Branches:
Dungeon (8/15)             Temple (1/1) D:4            Lair (4/6) D:8
 Shoals (0/4) Lair:2        Snake (0/4) Lair:2

Altars:
Ashenzari
Cheibriados
Dithmenos
Elyvilon
Fedhas
Gozag
Hepliaklqana
Kikubaaqudgha
Okawaru
Ru
Sif Muna
Uskayaw
Vehumet
Wu Jian
Yredelemnul

Shops:
D:2 ?   D:6 *

Annotations:
Lair:4 Nessos


Message History

It bursts into flame!
Nessos shoots an arrow.
The arrow hits you! The arrow burns you.
You are poisoned.
Casting: Iskenderun's Battlesphere (dangerous; 2% risk of failure)
Confirm with . or Enter, or press ? or * to list all spells.
Aiming: Lee's Rapid Deconstruction (dangerous; 1% risk of failure)
Press: ? - help, Dir - move target A rock wall.
The wall shatters!
The blast of rock fragments hits Nessos!
Nessos is moderately wounded.
You feel very sick.
Nessos shoots an arrow.
The arrow hits you! The arrow burns you.
Casting: Lee's Rapid Deconstruction (dangerous; 1% risk of failure)
Confirm with . or Enter, or press ? or * to list all spells.
Aiming: Lee's Rapid Deconstruction (dangerous; 1% risk of failure)
Press: ? - help, Dir - move target A rock wall.
The wall shatters!
The blast of rock fragments hits Nessos!
Nessos is moderately wounded.
You feel very sick.
Casting: Lee's Rapid Deconstruction (dangerous; 1% risk of failure)
Confirm with . or Enter, or press ? or * to list all spells.
You can't see any susceptible monsters within range! (Use Z to cast anyway.) Unknown command.
Casting: Lee's Rapid Deconstruction (dangerous; 1% risk of failure)
Confirm with . or Enter, or press ? or * to list all spells.
Aiming: Lee's Rapid Deconstruction (dangerous; 1% risk of failure)
Press: ? - help, Dir - move target A rock wall.
The wall shatters!
The blast of rock fragments hits Nessos!
Nessos is heavily wounded.
You feel sick.
You hear an angry hiss.
Nessos shoots an arrow.
The arrow hits you!!
* * * LOW HITPOINT WARNING * * *
The arrow burns you!
You die...

.....####....# ..
......#...... ..
.....c...... P.
.......... #. ...
.......#### ######.
#... ......##..##P##...
#....#.....###.........
#....#@....#.##........
#....##*...............
.P...P.................
........P#.#..#.......#
........###..P##.....#.
#.......####..#........
......................#
#...##..#.#P..##.....##
#... #####...###P...##


You could see Nessos and a friendly battlesphere.

Vanquished Creatures
  2 hydras
  3 black mambas
  3 elephants (Lair:2)
  11 cane toads
  5 komodo dragons
  Sigmund (D:6)
  12 yaks
  2 basilisks
  A naga (Lair:2)
  11 water moccasins
  3 sky beasts
  An ice beast (D:6)
  2 black bears
  4 orc warriors
  2 ogres (D:6)
  2 phantoms
  3 kobold brigands
  A necrophage (D:7)
  5 bullfrogs
  4 scorpions
  4 wights (D:7)
  3 howler monkeys
  4 jellies
  2 orc priests (D:7)
  A hound (D:6)
  2 iguanas (D:5)
  Natasha (twice) (D:4)
  3 orc wizards
  8 adders
  6 gnolls (D:3)
  2 shadow imps
  2 white imps
  An ufetubus (D:7)
  2 worms
  A dart slug (D:4)
  16 orcs
  2 bats (D:1)
  4 endoplasms
  3 giant cockroaches (D:3)
  4 goblins (D:2)
  6 hobgoblins
  17 kobolds
  6 quokkas
  3 frilled lizards
  6 rats
188 creatures vanquished.

Vanquished Creatures (others)
  A bush (Lair:2)
  11 fungi
  10 plants
22 creatures vanquished.

Grand Total: 210 creatures vanquished

Notes
Turn   | Place    | Note
-------+----------+-------------------------------------------
     0 | D:1      | pascalblue the Deep Elf Earth Elementalist began the quest
                  | for the Orb.
     0 | D:1      | Reached XP level 1. HP: 10/10 MP: 6/6
   185 | D:1      | You fall into a shaft and drop 1 floor!
   280 | D:2      | Reached XP level 2. HP: 5/15 MP: 6/8
  1482 | D:2      | Found Posteut's Magic Scroll Boutique.
  1971 | D:3      | Reached skill level 4 in Earth Magic
  1971 | D:3      | Reached XP level 3. HP: 19/19 MP: 8/10
  1979 | D:3      | Learned a level 3 spell: Stone Arrow
  2031 | D:3      | Reached XP level 4. HP: 18/24 MP: 2/11
  2105 | D:3      | Learned a level 4 spell: Olgreb's Toxic Radiance
  2151 | D:3      | Reached skill level 1 in Conjurations
  2959 | D:4      | Found an opulent altar of Gozag.
  2961 | D:4      | Noticed Natasha
  2965 | D:4      | Killed Natasha
  2966 | D:4      | Reached XP level 5. HP: 26/28 MP: 8/13
  2990 | D:4      | Noticed Natasha
  2994 | D:4      | Killed Natasha
  2995 | D:4      | Reached skill level 1 in Poison Magic
  3153 | D:4      | Found a staircase to the Ecumenical Temple.
  3171 | Temple   | Entered the Ecumenical Temple
  3223 | Temple   | Became a worshipper of Sif Muna the Loreminder
  3300 | D:4      | Found a shadowy altar of Dithmenos.
  3725 | D:4      | Found a blossoming altar of Fedhas.
  3730 | D:4      | Found a basalt altar of Yredelemnul.
  3845 | D:5      | Entered Level 5 of the Dungeon
  3857 | D:5      | Reached skill level 5 in Earth Magic
  3885 | D:5      | Reached skill level 1 in Invocations
  3885 | D:5      | Reached XP level 6. HP: 30/32 MP: 13/14
  4043 | D:5      | Upgraded the game from 0.29-a0-559-g359e09b9d1 to
                  | 0.29-a0-577-gafbf2c5d25
  4193 | D:5      | Identified the +2 cloak of the Gravedigger {Rampage Int+4}
  4400 | D:5      | Identified a scroll of acquirement
  4400 | D:5      | Acquired 693 gold pieces
  5054 | D:6      | Noticed an orc warrior
  5119 | D:6      | Reached XP level 7. HP: 36/36 MP: 16/16
  5132 | D:5      | Reached skill level 5 in Spellcasting
  5132 | D:5      | Reached skill level 6 in Earth Magic
  5317 | D:6      | Reached * piety under Sif Muna
  5341 | D:6      | Noticed Sigmund
  5345 | D:6      | Killed Sigmund
  5399 | D:6      | Reached XP level 8. HP: 41/41 MP: 18/18
  5401 | D:6      | Reached skill level 7 in Earth Magic
  5805 | D:6      | Found Saruikhoi's Elemental Accessories.
  5813 | D:6      | Bought the Reference Book on Stones for 312 gold pieces
  5819 | D:6      | Learned a level 5 spell: Lee's Rapid Deconstruction
  5836 | D:6      | Learned a level 6 spell: Statue Form
  5939 | D:6      | Found a white marble altar of Elyvilon.
  6349 | D:7      | Reached skill level 8 in Earth Magic
  6503 | D:7      | Reached XP level 9. HP: 45/45 MP: 20/21
  6699 | D:7      | Found an iron altar of Okawaru.
  6736 | D:7      | Reached ** piety under Sif Muna
  6902 | D:7      | Reached skill level 5 in Conjurations
  7551 | D:8      | Reached skill level 5 in Poison Magic
  7651 | D:8      | Found a staircase to the Lair.
  8113 | Lair:1   | Entered Level 1 of the Lair of Beasts
  8113 | Lair:1   | Noticed a cane toad
  8116 | Lair:1   | Noticed a cane toad
  8117 | Lair:1   | Killed a cane toad
  8118 | Lair:1   | Reached skill level 9 in Earth Magic
  8118 | Lair:1   | Reached skill level 5 in Invocations
  8124 | D:8      | Killed a cane toad
  8207 | Lair:1   | Reached skill level 5 in Transmutations
  8220 | Lair:1   | Noticed a cane toad
  8226 | Lair:1   | Killed a cane toad
  8227 | Lair:1   | Reached XP level 10. HP: 50/50 MP: 18/23
  8466 | Lair:1   | Reached skill level 1 in Evocations
  8691 | Lair:1   | Acquired a book of the Spheres
  8699 | Lair:1   | Learned a level 5 spell: Iskenderun's Battlesphere
  8833 | Lair:1   | Noticed a five-headed hydra
  8838 | Lair:1   | Killed a five-headed hydra
  8839 | Lair:1   | Reached skill level 10 in Earth Magic
  9150 | Lair:2   | Noticed a seven-headed hydra
  9155 | Lair:2   | Killed a seven-headed hydra
  9239 | Lair:2   | Found a staircase to the Shoals.
  9268 | Lair:2   | Noticed a cane toad
  9275 | Lair:2   | Killed a cane toad
  9379 | Lair:2   | Noticed a black mamba
  9383 | Lair:2   | Killed a black mamba
  9479 | Lair:2   | Noticed a cane toad
  9479 | Lair:2   | Noticed a cane toad
  9483 | Lair:2   | Noticed a cane toad
  9485 | Lair:2   | Killed a cane toad
  9486 | Lair:2   | Killed a cane toad
  9487 | Lair:2   | Reached XP level 11. HP: 54/54 MP: 3/26
  9741 | Lair:2   | Identified the +5 ring mail of Qiom {rPois rN+ SInv}
  9834 | Lair:2   | Reached skill level 11 in Earth Magic
 10184 | Lair:2   | Found a staircase to the Snake Pit.
 10647 | Lair:3   | Reached *** piety under Sif Muna
 11296 | Lair:3   | Found the +8 whip "Snakebite" {venom, curare, rPois}
 11865 | Lair:4   | Noticed Nessos
 11869 | Lair:4   | Shot with an arrow by Nessos

Illustrated notes

Levels and vault maps discovered:
D:1:      psy_arrival_terrarium, layout_basic, dk_noncrumbling_2,
          minmay_pentomino_x2
D:2:      layout_basic, serial_shops, nicolae_shop_stone
D:3:      layout_loops_ring
D:4:      layout_basic, grunt_gozag_statues, nicolae_dithmenos_the_darkroom,
          amethyst_overflow_temple_binary, minmay_temple_entry_tees,
          uniq_natasha
D:5:      layout_rooms
D:6:      layout_basic, mainiacjoe_overflow_six_doors_small, serial_aquarium,
          aquarium_bridge_straight [aquarium_subvault_bridge,
          aquarium_subvault_window, aquarium_subvault_bridge,
          aquarium_subvault_window], aquarium_window_fake, aquarium_window_fake,
          aquarium_view_2e, nicolae_elemental_shop, uniq_sigmund
D:7:      layout_loops_ring, lemuel_doored_altar
D:8:      layout_loops_ring, lair_entry_dummy
Temple:   jpeg_temple_island
Lair:1:   layout_regular_city
Lair:2:   layout_layer_cave, elwin_shoals_entry_rocks,
          guppyfry_snake_entry_island, beast_lair_carwin_4
Lair:3:   minmay_guarded_unrand_snakebite, layout_chaotic_city
Lair:4:   layout_gridlike, uniq_nessos

Skill      XL: |  1  2  3  4  5  6  7  8  9 10 11 |
---------------+----------------------------------+-----
Dodging        | 3 |  3.0
Earth Magic    | 4 5 6 8 9 10 11 | 11.9
Transmutations | 2 3 5 6 7 |  7.1
Conjurations   | 1 2 3 4 5 7 9 |  9.1
Spellcasting   | 4 5 6 7 9 |  9.9
Poison Magic   | 1 2 3 4 5 6 |  6.0
Invocations    | 1 3 4 5 6 7 |  7.4
Evocations     | 3 4 |  4.8
Stealth        | |  2.4

Action                   |  1- 3 |  4- 6 |  7- 9 | 10-12 || total
-------------------------+-------+-------+-------+-------++-------
Melee: Short sword       |    17 |     1 |       |       ||    18
       Staff             |       |       |       |     3 ||     3
 Cast: Sandblast         |    32 |    78 |    31 |     8 ||   149
       Stone Arrow       |       |       |    82 |    86 ||   168
       Lee's Rapid Decon |       |       |     4 |    15 ||    19
       Iskenderun's Batt |       |       |       |    21 ||    21
Evoke: Wand              |       |     4 |       |       ||     4
  Use: Scroll            |    10 |     3 |     8 |     2 ||    23
       Potion            |       |       |       |     1 ||     1
 Stab: Sleeping          |     1 |       |       |       ||     1
Armor: Robe              |     2 |     5 |    19 |     9 ||    35
Dodge: Dodged            |    19 |    17 |    35 |    21 ||    92

Table legend: (Time is in decaauts)
 A = Elapsed time spent in this place.
 B = Non-inter-level travel time spent in this place.
 C = Inter-level travel time spent in this place.
 D = Time resting spent in this place.
 E = Time spent auto-exploring this place.
 F = Levels seen in this place.
 G = Mean time per level.
                   A        B        C        D        E       F      G
               +--------+--------+--------+--------+--------+-----+--------+
         Total |  11935 |  11374 |    561 |   1311 |   7866 |  13 |  918.1 |
       Dungeon |   8160 |   7713 |    447 |    702 |   5363 |   8 | 1020.0 |
        Temple |     84 |     52 |     32 |      0 |     34 |   1 |   84.0 |
          Lair |   3690 |   3608 |     82 |    609 |   2469 |   4 |  922.5 |
               +--------+--------+--------+--------+--------+-----+--------+

Top non-repeatable levels by time:
  Lair:3: 1347 daAuts
  Lair:2: 1344 daAuts
     D:4: 1179 daAuts
     D:7: 1162 daAuts
     D:2: 1012 daAuts
     D:5: 1011 daAuts
     D:1: 989 daAuts
     D:3: 975 daAuts
  Lair:1: 961 daAuts
     D:6: 945 daAuts
     D:8: 885 daAuts
  Temple: 84 daAuts
  Lair:4: 36 daAuts
